[Event "Early-Titled-Tuesday-Blitz-March-26-2024"]
[Site "Chess.com"]
[Date "2024.03.26"]
[Round "4"]
[White "Fore_Man"]
[Black "jraosam"]
[Result "1-0"]
[WhiteElo "2278"]
[BlackElo "1999"]
[TimeControl "180+1"]
[EndTime "8:36:32 PDT"]
[Termination "Fore_Man won on time"]

1. Nf3 Nf6 2. d4 e6 3. c4 d5 4. Nc3 Be7 5. Bf4 O-O 6. e3 dxc4 7. Bxc4 a6 8. Bd3 c5 9. dxc5 Bxc5 10. Qc2 Nc6 11.
a3 Be7 12. Ne5 Nxe5 13. Bxe5 h6 14. O-O-O Qa5 15. Bxf6 Bxf6 16. Ne4 Be7 17. Qc3 Qxc3+ 18. Nxc3 Rd8 19. Be4 f5 20. Bf3 g5 21. h3 Bf6 22.
Rxd8+ Bxd8 23. Rd1 Bf6 24. Na4 e5 25. Nb6 Rb8 26.
Bd5+ Kf8 27. Kb1 e4 28. Rc1 Bd8 29. Rxc8 Rxc8 30. Nxc8 b5 31. Nd6 f4 32. Bxe4 fxe3 33. fxe3 Bb6 34. Nf5 1-0

[Event "Early-Titled-Tuesday-Blitz-March-26-2024"]
[Site "Chess.com"]
[Date "2024.03.26"]
[Round "4"]
[White "Irina_Baraeva"]
[Black "scarabee43"]
[Result "0-1"]
[WhiteElo "2434"]
[BlackElo "2849"]
[TimeControl "180+1"]
[EndTime "8:36:33 PDT"]
[Termination "scarabee43 won by resignation"]

1. d4 Nf6 2. c4 e6 3. Nf3 d5 4.
Nc3 Be7 5. Bf4 O-O 6. e3 Nbd7 7. Bd3 dxc4 8. Bxc4 a6 9. O-O b5 10. Bd3 c5 11. Qe2 Bb7 12. Rfd1 Bxf3 13. Qxf3 cxd4 14.
exd4 Nb6 15. Qh3 Rc8 16. Be5 h6 17. a4 b4 18. Ne4 a5 19. Rac1 Nxe4 20. Bxe4 Rxc1 21.
Rxc1 Nxa4 22. Qb3 Nb6 23. Bc7 Qc8 24. Qc2 Nd5 25. Bxa5 Qxc2 26. Bxc2 Ra8 27. Be4 Rxa5 28. Rc8+ Bf8 29. g3 g6 30. Kg2 Kg7 31. Rb8 Ra2 32.
b3 Nc3 33. Bd3 Rb2 34. Bc4 Nd1 35. Kf3 Rxf2+ 36. Ke4 Rxh2 37. Rb7 Rg2 38. Kf3 Rf2+ 39. Ke4 h5 40. Kd3 Kf6 41. Bb5 Nc3 42. Be8 Kg7 43. Kc4 Nd5 44. Bd7 Rf6 45. Bxe6 Ne3+ 46. Kd3 Rxe6 0-1

[Event "Early-Titled-Tuesday-Blitz-March-26-2024"]
[Site "Chess.com"]
[Date "2024.03.26"]
[Round "4"]
[White "Felix-Rose"]
[Black "LLariMarc"]
[Result "1-0"]
[WhiteElo "2222"]
[BlackElo "2444"]
[TimeControl "180+1"]
[EndTime "8:36:34 PDT"]
[Termination "Felix-Rose won by resignation"]

1. e4 e6 2. d4 d5 3. Nc3 Nf6 4. e5 Nfd7 5. f4 c5 6. Nf3 Nc6 7. Be3 Be7 8. Qd2 a6 9. dxc5 Bxc5 10. Bd3 O-O 11. O-O-O b5 12. Ng5 h6 13. Bxc5 Nxc5 14. h4 hxg5 15. hxg5 g6 16. Qf2 Kg7 17. Qxc5 Bb7 18.
Rh6 Rh8 19. Rdh1 Rxh6 20. Rxh6 Rc8 21. Qf2 b4 22. Qh4 Qg8 23. Ne2 Ne7 24. g4 d4 25.
Nxd4 a5 26. f5 exf5 27. gxf5 Nxf5 28. Bxf5 gxf5 29. Nxf5+ Kf8 30. Rh8 Be4 31. Qh6+ Ke8 1-0

[Event "Early-Titled-Tuesday-Blitz-March-26-2024"]
[Site "Chess.com"]
[Date "2024.03.26"]
[Round "4"]
[White "SuperJesus88"]
[Black "RebecaJimnz"]
[Result "1-0"]
[WhiteElo "2470"]
[BlackElo "2252"]
[TimeControl "180+1"]
[EndTime "8:36:35 PDT"]
[Termination "SuperJesus88 won on time"]

1. e4 c5 2. Nf3 Nc6 3. d4 cxd4 4. Nxd4 g6 5. Nc3 Bg7 6. Nde2 Nf6 7. g3 O-O 8. Bg2 d6 9. O-O Bd7 10. h3 Qc8 11. Kh2 a6 12. a4 Be6 13. Bg5 Rd8 14. Nf4 Bc4 15. Re1 h6 16. Bxf6 Bxf6 17. Ncd5 Bxd5 18. Nxd5 Bxb2 19. Nb6 Qb8 20. Rb1 Bc3 21.
Re3 Bd4 22. Reb3 Ra7 23. e5 dxe5 24. Qc1 Bxf2 25. Qxh6 Nd4 26. Rc3 e4 27. Bxe4 Ne2 28. Bxg6 Bxg3+ 29. Kh1 fxg6 30. Qxg6+ Kh8 31. Qh5+ Kg8 32.
Qxe2 Qf4 33. Rxg3+ Qxg3 34. Rg1 1-0

[Event "Early-Titled-Tuesday-Blitz-March-26-2024"]
[Site "Chess.com"]
[Date "2024.03.26"]
[Round "4"]
[White "artooon"]
[Black "Gennady_Kozlov"]
[Result "1-0"]
[WhiteElo "3023"]
[BlackElo "2664"]
[TimeControl "180+1"]
[EndTime "8:36:36 PDT"]
[Termination "artooon won by resignation"]

1. e4 e6 2. d4 d5 3. Nd2 dxe4 4. Nxe4 Nd7 5. Nf3 Ngf6 6. Ng3 c5 7. c3 b6 8. Bd3 Bb7 9. O-O cxd4 10. cxd4 Bd6 11. Qe2 O-O 12. Rd1 h6 13. Ne5 Re8 14. Bf4 Bxe5 15.
dxe5 Nd5 16. Qg4 Nxf4 17. Qxf4 Qe7 18. Nh5 Red8 19. h4 Qc5 20. Re1 Nf8 21. Qg3 g6 22.
Nf6+ Kg7 23. Re3 Qd4 24. Rae1 Qxb2 25. Nh5+ Kg8 26. Qf4 Rxd3 27. Nf6+ Kg7 28. Rxd3 Qc2 29. Ng4 Nh7 30. Rd7 Rf8 31. Qxh6+ Kg8 32. Nf6+ Nxf6 33.
exf6 1-0

[Event "Early-Titled-Tuesday-Blitz-March-26-2024"]
[Site "Chess.com"]
[Date "2024.03.26"]
[Round "4"]
[White "Josetricks"]
[Black "lilleper1"]
[Result "0-1"]
[WhiteElo "2699"]
[BlackElo "2922"]
[TimeControl "180+1"]
[EndTime "8:36:38 PDT"]
[Termination "lilleper1 won by resignation"]

1. e4 e5 2. Nf3 Nc6 3. Bc4 g6 4. O-O Bg7 5. c3 d6 6. d4 Qe7 7. h3 Nf6 8. Re1 O-O 9. Qc2 Nh5 10. Be3 Kh8 11. g4 Nf6 12. Nbd2 h5 13. g5 Nh7 14. Bf1 f6 15. d5 Nd8 16. Bg2 fxg5 17. Nh2 Nf7 18. Ndf1 g4 19. hxg4 hxg4 20. c4 Qh4 21. Ng3 Nfg5 22. Qe2 Bd7 23. c5 Rf7 24. cxd6 cxd6 25.
Rac1 Raf8 26. Rc7 Nf3+ 27. Nxf3 gxf3 28. Bxf3 Rxf3 29. Rxd7 Rxg3+ 30. fxg3 Qxg3+ 31. Kh1 Qh3+ 32. Kg1 Qxd7 0-1

[Event "Early-Titled-Tuesday-Blitz-March-26-2024"]
[Site "Chess.com"]
[Date "2024.03.26"]
[Round "4"]
[White "Statham_01"]
[Black "ploxoi"]
[Result "0-1"]
[WhiteElo "2570"]
[BlackElo "2421"]
[TimeControl "180+1"]
[EndTime "8:36:38 PDT"]
[Termination "ploxoi won by resignation"]

1. Na3 d5 2. c4 e6 3. d4 Nf6 4. Nf3 c6 5. Nc2 dxc4 6. Bg5 b5 7. e4 h6 8. Bxf6 Qxf6 9. a4 Bb7 10. g3 Nd7 11. Bg2 Qd8 12. axb5 cxb5 13. d5 Nc5 14. O-O Be7 15. Nfd4 a6 16. dxe6 Nxe6 17. Nxe6 Qxd1 18.
Nxg7+ Kf8 19. Raxd1 Kxg7 20. Rd7 Bf6 21. Rxb7 Bxb2 22.
Ne3 Rhd8 23. Nf5+ Kf8 24. f4 c3 25. e5 c2 26. Nxh6 Ra7 27. Rxa7 Bd4+ 28. Kh1 Bxa7 29.
Be4 Rd1 30. Bxc2 Rxf1+ 31. Kg2 Rf2+ 0-1

[Event "Early-Titled-Tuesday-Blitz-March-26-2024"]
[Site "Chess.com"]
[Date "2024.03.26"]
[Round "4"]
[White "norwaytoadog"]
[Black "HajiyevKanan"]
[Result "0-1"]
[WhiteElo "2394"]
[BlackElo "2543"]
[TimeControl "180+1"]
[EndTime "8:36:39 PDT"]
[Termination "HajiyevKanan won on time"]

1. e4 c6 2. d4 d5 3. e5 a6 4. c3 Bf5 5. Nf3 e6 6. Be2 c5 7. Be3 Qb6 8. Nbd2 Nc6 9. O-O Qxb2 10. c4 cxd4 11. cxd5 exd5 12. Qa4 dxe3 13. Rab1 Bxb1 14.
Rxb1 exf2+ 15. Kf1 Qa3 16. Qg4 Nh6 17. Qh5 O-O-O 18.
Ng5 g6 19. Qh4 Nf5 20. Bg4 Qd3+ 0-1

[Event "Early-Titled-Tuesday-Blitz-March-26-2024"]
[Site "Chess.com"]
[Date "2024.03.26"]
[Round "4"]
[White "ragnaroek66"]
[Black "rionelG"]
[Result "1-0"]
[WhiteElo "2520"]
[BlackElo "2202"]
[TimeControl "180+1"]
[EndTime "8:36:40 PDT"]
[Termination "ragnaroek66 won by resignation"]

1. d4 d5 2. c4 e6 3. Nf3 Nf6 4. g3 Be7 5. Bg2 O-O 6. O-O dxc4 7.
Qc2 b5 8. a4 Bb7 9. axb5 a6 10.
bxa6 Nxa6 11. Qxc4 Bd5 12. Qc3 Ne4 13. Qe3 Nb4 14.
Rxa8 Bxa8 15. Rd1 c5 16. Nc3 Nxc3 17. Qxc3 Na2 18. Qc2 Nxc1 19. dxc5 Qc7 20. Rxc1 h6 21. b4 Rb8 22. Qc3 Qb7 23. Ne1 Qa6 24. Bxa8 Rxa8 25. Nd3 Bf6 26. Qc4 Qa3 27. c6 1-0

[Event "Early-Titled-Tuesday-Blitz-March-26-2024"]
[Site "Chess.com"]
[Date "2024.03.26"]
[Round "4"]
[White "Josgar05"]
[Black "ZenBull"]
[Result "0-1"]
[WhiteElo "2368"]
[BlackElo "2298"]
[TimeControl "180+1"]
[EndTime "8:36:42 PDT"]
[Termination "ZenBull won by resignation"]

1. Nf3 c5 2. b3 Nc6 3. Bb2 Nf6 4. e3 g6 5. Be2 Bg7 6. O-O O-O 7. d4 cxd4 8. exd4 d5 9. c4 Bg4 10. h3 Bxf3 11. Bxf3 e6 12. c5 Ne4 13. Nd2 Nxc5 14. dxc5 Bxb2 15. Rb1 Bg7 16. b4 a6 17. a4 Rc8 18.
Re1 Qd7 19. Nf1 Rfd8 20. h4 h5 21. Ng3 a5 22. b5 Ne5 23. Rc1 Nxf3+ 24. Qxf3 Qe7 25.
Qe3 Qxh4 26. c6 bxc6 27. bxc6 Qxa4 28. Qb6 Qb4 29. Qa6 Ra8 30. c7 Rdc8 31. Qc6 a4 32. Rb1 Qc4 33. Qxc4 dxc4 34. Rb7 a3 35. Ne4 Bf8 36.
Nf6+ Kg7 37. Nd7 a2 38. Nb6 a1=Q 39. Rxa1 Rxa1+ 40. Kh2 Rxc7 0-1

[Event "Early-Titled-Tuesday-Blitz-March-26-2024"]
[Site "Chess.com"]
[Date "2024.03.26"]
[Round "4"]
[White "twitchTriniCupid"]
[Black "GiorgianBarbosa"]
[Result "0-1"]
[WhiteElo "2340"]
[BlackElo "2507"]
[TimeControl "180+1"]
[EndTime "8:36:43 PDT"]
[Termination "GiorgianBarbosa won by resignation"]

1. d4 Nf6 2. Nf3 g6 3. Bg5 Bg7 4. Nc3 O-O 5. Qd2 d5 6. Bxf6 exf6 7. h4 h5 8. O-O-O c6 9. e4 Kh7 10. Kb1 Bh6 11. Qd3 Bg4 12. Be2 dxe4 13. Nxe4 Bf5 14.
Nfd2 Re8 15. Bf3 Nd7 16. Qb3 Nb6 17. Qxf7+ Bg7 18. Qxb7 Rb8 19. Qxc6 Qxd4 20. Nb3 Bxe4 21. Rxd4 Bxc6 22. Bxc6 Rec8 23. Bb5 f5 24. Rd6 Rc7 25.
Bd3 Nc8 26. Rd5 Ne7 27. Rd6 a5 28. a4 Nc8 29. Bb5 Nxd6 0-1

[Event "Early-Titled-Tuesday-Blitz-March-26-2024"]
[Site "Chess.com"]
[Date "2024.03.26"]
[Round "4"]
[White "MNyuyu"]
[Black "esteban062000"]
[Result "1-0"]
[WhiteElo "2415"]
[BlackElo "2156"]
[TimeControl "180+1"]
[EndTime "8:36:45 PDT"]
[Termination "MNyuyu won by resignation"]

1. d4 Nf6 2. Nf3 d5 3. Bf4 Bf5 4. e3 e6 5. c4 c6 6. Qb3 Qb6 7. c5 Qxb3 8. axb3 Nbd7 9. Nc3 Be7 10. b4 O-O 11. b5 Rfe8 12. h3 Bxc5 13. dxc5 e5 14. Bh2 d4 15. Ne2 Nxc5 16. Ng3 Bd7 17. bxc6 Bxc6 18. Bc4 b5 19. Be2 d3 20. Bd1 Red8 21.
O-O Bxf3 22. gxf3 g6 23. b4 Ncd7 24. Ne4 Nxe4 25. fxe4 Nb6 26. Bxe5 Nc4 27. Bd4 Nd2 28. Re1 a6 29. e5 Rd5 30. Kg2 Kg7 31. Bf3 1-0

[Event "Early-Titled-Tuesday-Blitz-March-26-2024"]
[Site "Chess.com"]
[Date "2024.03.26"]
[Round "4"]
[White "Likvidator228"]
[Black "Onischuk_V"]
[Result "1/2-1/2"]
[WhiteElo "2582"]
[BlackElo "2802"]
[TimeControl "180+1"]
[EndTime "8:36:55 PDT"]
[Termination "Game drawn by agreement"]

1. d4 d6 2. Nf3 g6 3. Bf4 Bg7 4. e3 Nf6 5. h3 O-O 6. Nbd2 Nbd7 7.
Bc4 a6 8. c3 b5 9. Bb3 Bb7 10. O-O c5 11. a4 Qc7 12. Qe2 c4 13. Bc2 e5 14. Bh2 Qc6 15. axb5 axb5 16. Rfd1 Rxa1 17.
Rxa1 Re8 18. Qd1 e4 19. Ne1 d5 20. Ra2 Ra8 21. Qa1 Rxa2 22. Qxa2 Bf8 23. b4 cxb3 24.
Qxb3 Nb6 25. Bd1 Na4 26. Nb1 Nd7 27. Be2 Ba6 28. Nc2 b4 29. Nxb4 Bxb4 30. Bxa6 Nxc3 31. Nxc3 Bxc3 32. Bf1 Ba5 33. Qb5 1/2-1/2

[Event "Early-Titled-Tuesday-Blitz-March-26-2024"]
[Site "Chess.com"]
[Date "2024.03.26"]
[Round "4"]
[White "kriscacco"]
[Black "ViktoriyaTarasova"]
[Result "0-1"]
[WhiteElo "2153"]
[BlackElo "2361"]
[TimeControl "180+1"]
[EndTime "8:36:57 PDT"]
[Termination "ViktoriyaTarasova won by resignation"]

1. d4 Nf6 2. Nf3 e6 3. Bg5 d5 4. c4 Be7 5. Nc3 h6 6. Bh4 O-O 7. Qc2 b6 8. cxd5 exd5 9. e3 Bb7 10. Bd3 Nbd7 11. Rc1 c5 12. Qb1 c4 13. Bf5 a6 14. a4 Bc6 15. O-O b5 16. axb5 axb5 17. b3 b4 18. Ne2 c3 19. Nf4 Ne4 20. Bxe4 dxe4 21. Bxe7 Qxe7 22. d5 Bb5 23. Nd4 Bxf1 24. Rxf1 Nc5 25. Nc2 Nd3 26. Rd1 Nxf4 27. exf4 Rfd8 28.
Rd4 Rab8 29. g3 f5 30. Ne3 Qf7 31. Qf1 g6 32. Qc4 Rdc8 33. Qe2 Qf6 34. Rd1 Rd8 35. Qc4 Rdc8 36. Qe2 Kg7 37. h4 h5 38. Kg2 Ra8 39.
d6 c2 40. Nxc2 Ra2 41. Rd2 Qc3 42. d7 Rd8 43. Qe3 Rxc2 0-1

[Event "Early-Titled-Tuesday-Blitz-March-26-2024"]
[Site "Chess.com"]
[Date "2024.03.26"]
[Round "4"]
[White "Cobysters"]
[Black "LuisFSiles"]
[Result "1/2-1/2"]
[WhiteElo "2563"]
[BlackElo "2320"]
[TimeControl "180+1"]
[EndTime "8:36:58 PDT"]
[Termination "Game drawn by agreement"]

1. c4 Nf6 2. Nc3 d5 3. cxd5 Nxd5 4. g3 g6 5. Bg2 Nxc3 6. dxc3 Qxd1+ 7. Kxd1 Bg7 8. Kc2 c6 9. e4 e5 10. Be3 Be6 11.
Ne2 Nd7 12. Rhd1 Ke7 13. b3 Rhd8 14. Rd2 f6 15. Rad1 Nb6 16. Bc5+ Ke8 17. a4 Rxd2+ 18. Rxd2 Rd8 19. Rxd8+ Kxd8 20. a5 Nc8 21. f4 b6 22.
Be3 bxa5 23. Nc1 Nb6 24. Nd3 Kc7 25. Nc5 Bf7 26. Bf1 Bf8 27. Na6+ Kb7 28. Bc5 Bxc5 29. Nxc5+ Kc7 30. Kb2 exf4 31. gxf4 g5 32. fxg5 fxg5 33. e5 Nd5 34. Bc4 Bg6 35. Ne6+ Kd7 36. Nxg5 h6 37.
Nh3 Bf5 38. Bxd5 cxd5 39. Nf4 Be4 40. Ka3 Ke7 41. Ka4 Bc2 42. Nxd5+ Ke6 43. Ne3 Bd3 44. Ng4 h5 45. Nf2 Bc2 46. Kxa5 Bxb3 47. Nd3 Bc4 48. Nf4+ Kxe5 49. Nxh5 Kf5 50. Ng3+ Kg4 51. Ne4 Kh3 52.
Nd6 Bd3 53. Nc8 a6 54. Nd6 Kxh2 1/2-1/2

[Event "Early-Titled-Tuesday-Blitz-March-26-2024"]
[Site "Chess.com"]
[Date "2024.03.26"]
[Round "4"]
[White "KVAIDAN"]
[Black "Gorbaev"]
[Result "1-0"]
[WhiteElo "2353"]
[BlackElo "2491"]
[TimeControl "180+1"]
[EndTime "8:36:58 PDT"]
[Termination "KVAIDAN won by resignation"]

1. f4 e5 2. d3 d6 3. Nf3 Nc6 4. Nc3 f5 5. e4 Nf6 6. fxe5 dxe5 7. Bg5 Be7 8. d4 exd4 9. e5 dxc3 10. Qxd8+ Bxd8 11. exf6 cxb2 12. Rb1 Bxf6 13. Bxf6 gxf6 14. Rxb2 b6 15. Kf2 Bd7 16. Ba6 O-O 17. Rd1 Rad8 18. Bb5 Nb8 19. Bc4+ Kg7 20. Rb3 Bc8 21. Re1 Rfe8 22.
Rxe8 Rxe8 23. Nd4 c5 24. Rg3+ Kh8 25. Nb5 Nc6 26. Nd6 Rf8 27. Nf7+ Rxf7 28. Bxf7 Ne7 29. Re3 Nc6 30. Re8+ Kg7 31. Rxc8 Ne7 32. Be6 Nxc8 33.
Bxc8 1-0

[Event "Early-Titled-Tuesday-Blitz-March-26-2024"]
[Site "Chess.com"]
[Date "2024.03.26"]
[Round "4"]
[White "jk13"]
[Black "dropstoneDP"]
[Result "0-1"]
[WhiteElo "2714"]
[BlackElo "2994"]
[TimeControl "180+1"]
[EndTime "8:36:59 PDT"]
[Termination "dropstoneDP won by resignation"]

1. e4 e5 2. Nf3 Nf6 3. Nxe5 d6 4.
Nd3 Nxe4 5. Qe2 Qe7 6. Nf4 Nc6 7. Nd5 Nd4 8. Nxe7 Nxe2 9. Bxe2 Bxe7 10. d3 Nf6 11.
Nc3 Bd7 12. Bf3 O-O-O 13. Bd2 Rhe8 14. O-O-O c6 15. h3 d5 16. Bf4 Bc5 17. d4 Bb4 18.
Bg5 Re6 19. a3 Bxc3 20. bxc3 Rde8 21. Bxf6 Rxf6 22. Rhe1 Rxe1 23. Rxe1 Bxh3 24. Re8+ Kc7 25. Rh8 Bf5 26. Kd2 h6 27. Rg8 g6 28. Rf8 h5 29.
Re8 Bd7 30. Rh8 a5 31. Ra8 Kb6 32. Rd8 Kc7 33. Ra8 h4 34. Rh8 h3 35. Ke3 hxg2 36.
Bxg2 Bf5 37. Kd2 Bxc2 38. Ke3 Re6+ 39. Kd2 Bb3 40. Bf1 b5 41. Bd3 Re7 42. Ra8 a4 43. Bf1 Kd6 44. Bh3 Bc4 45. Rd8+ Kc7 46. Rc8+ Kb7 47.
Rf8 Re2+ 48. Kd1 Rxf2 49. Be6 Rf1+ 0-1

[Event "Early-Titled-Tuesday-Blitz-March-26-2024"]
[Site "Chess.com"]
[Date "2024.03.26"]
[Round "4"]
[White "Knightmare1014"]
[Black "mortngabriel"]
[Result "0-1"]
[WhiteElo "2318"]
[BlackElo "2487"]
[TimeControl "180+1"]
[EndTime "8:37:00 PDT"]
[Termination "mortngabriel won by checkmate"]

1. e4 c5 2. Nf3 Nc6 3. d4 cxd4 4. Nxd4 g6 5. c4 Nf6 6. Nc3 d6 7. Be2 Nxd4 8. Qxd4 Bg7 9. Be3 O-O 10. Qd2 a5 11.
O-O a4 12. Rfd1 Qa5 13. Rac1 Be6 14. f3 Rfc8 15. Nd5 Qxd2 16. Bxd2 Bxd5 17. exd5 Nd7 18. Rc2 b5 19. b3 axb3 20. axb3 bxc4 21. bxc4 Rcb8 22.
Be3 Rb3 23. Kf2 Raa3 24. c5 Rxe3 25. c6 Nb6 26. c7 Rec3 27. Rb2 Rxf3+ 28. gxf3 Bxb2 29.
Bb5 Ra7 30. Rd2 Bc3 31. Rc2 Rxc7 32. Bc6 Nxd5 33. Bxd5 Bd4+ 34. Kg3 Rxc2 35. Bxf7+ Kxf7 36. f4 e5 37. h4 exf4+ 38. Kg4 Kf6 39. Kxf4 Be5+ 40.
Kf3 Rc4 41. Ke3 h5 42. Kd3 Rxh4 43. Ke3 Rf4 44. Kd3 h4 45. Ke3 h3 46. Ke2 h2 47.
Ke3 h1=Q 48. Kd3 Qh3+ 49. Kd2 Qg3 50. Kc2 Rf2+ 51. Kb1 Qg1# 0-1

[Event "Early-Titled-Tuesday-Blitz-March-26-2024"]
[Site "Chess.com"]
[Date "2024.03.26"]
[Round "4"]
[White "Irina_Mikhaylova"]
[Black "Igor_Lysyj"]
[Result "0-1"]
[WhiteElo "2331"]
[BlackElo "2833"]
[TimeControl "180+1"]
[EndTime "8:37:02 PDT"]
[Termination "Igor_Lysyj won by resignation"]

1. d4 Nf6 2. Nf3 d5 3. c4 e6 4. Bg5 dxc4 5. Qa4+ Bd7 6. Qxc4 c5 7. Nc3 cxd4 8. Nxd4 Nc6 9. Nxc6 Bxc6 10. Rd1 Qb6 11. Qb3 Qxb3 12. axb3 Bb4 13. Bxf6 gxf6 14. Kd2 Ke7 15.
h4 a5 16. h5 a4 17. Rh4 Rhd8+ 18. Kc2 axb3+ 19. Kxb3 Bxc3 20. Rxd8 Rxd8 21. Kxc3 Rd1 22. Rh1 h6 23. f3 f5 24. Kc2 Ra1 25. e3 Bb5 26.
Bxb5 Rxh1 0-1

[Event "Early-Titled-Tuesday-Blitz-March-26-2024"]
[Site "Chess.com"]
[Date "2024.03.26"]
[Round "4"]
[White "Nechitaylo_Nikita"]
[Black "Dr_Thomas_Quilter"]
[Result "1-0"]
[WhiteElo "2378"]
[BlackElo "2089"]
[TimeControl "180+1"]
[EndTime "8:37:02 PDT"]
[Termination "Nechitaylo_Nikita won by resignation"]

1. d4 d6 2. e4 g6 3. c4 e5 4. d5 Bg7 5. Nc3 Ne7 6. f3 O-O 7.
Be3 a6 8. Qd2 f5 9. Bd3 f4 10.
Bf2 b5 11. cxb5 axb5 12. Nxb5 c6 13. dxc6 Nbxc6 14. Bc4+ Kh8 15. Qxd6 Qxd6 16. Nxd6 Nb4 17. Rc1 Ba6 18. Bc5 Bxc4 19. Bxb4 Bxa2 20. Nb5 Rfb8 21.
Bxe7 Rxb5 22. b4 Bf8 23. Bxf8 Rxf8 24. Nh3 Rxb4 25. O-O Rd8 26. Rc5 Be6 27. Ng5 Rd2 28. Nxe6 Rbb2 29. Rc8+ 1-0

[Event "Early-Titled-Tuesday-Blitz-March-26-2024"]
[Site "Chess.com"]
[Date "2024.03.26"]
[Round "4"]
[White "JJDAREK"]
[Black "Coach_Istvanovszki"]
[Result "0-1"]
[WhiteElo "2385"]
[BlackElo "2530"]
[TimeControl "180+1"]
[EndTime "8:37:07 PDT"]
[Termination "Coach_Istvanovszki won on time"]

1. d4 c5 2. d5 g6 3. c4 Bg7 4.
Nc3 d6 5. e4 Bxc3+ 6. bxc3 e5 7.
h4 Nd7 8. h5 h6 9. hxg6 fxg6 10. Nf3 Qf6 11. Nh4 Ne7 12. Qf3 g5 13. Nf5 Nxf5 14. Qxf5 O-O 15. Qxf6 Rxf6 16. a4 a5 17. Rb1 Ra6 18. Bd3 Nb6 19. f3 Nxa4 20. Bd2 Nb6 21. Ke2 Bd7 22. g4 a4 23. Ra1 Kf7 24.
Rhb1 Ke7 25. Bc1 Kd8 26. Ba3 Kc7 27. Rb2 Rf8 28. Rab1 Rh8 29. Kf2 h5 30. gxh5 Rxh5 31. Kg2 Bc8 32. Be2 Rh4 33. Kg3 Nd7 34. Bf1 Nf6 35. Be2 Nh5+ 36. Kf2 Nf4 37. Ke3 Rh2 38. Bf1 Rh4 39. Bd3 g4 40. fxg4 Rh3+ 0-1

[Event "Early-Titled-Tuesday-Blitz-March-26-2024"]
[Site "Chess.com"]
[Date "2024.03.26"]
[Round "4"]
[White "kai_nov"]
[Black "MaxLeto"]
[Result "0-1"]
[WhiteElo "2331"]
[BlackElo "2494"]
[TimeControl "180+1"]
[EndTime "8:37:07 PDT"]
[Termination "MaxLeto won by checkmate"]

1. e4 c5 2. Nf3 d6 3. c3 Nf6 4. Be2 Nbd7 5. d3 b6 6. Be3 Bb7 7. Nbd2 g6 8. O-O Bg7 9. h3 O-O 10.
Qc2 e5 11. Rac1 d5 12. exd5 Nxd5 13. d4 exd4 14. cxd4 Nxe3 15. fxe3 Qe7 16. Kf2 Rfe8 17. Nc4 b5 18. Nce5 Nxe5 19. dxe5 c4 20. Qc3 Rad8 21. Rcd1 Bxf3 22. Bxf3 Bxe5 23. Rxd8 Bxc3 24. Rxe8+ Qxe8 25. bxc3 Qe5 26. Rc1 a5 27. Ke2 b4 28. cxb4 Qb2+ 29. Kd1 c3 30. bxa5 Qd2# 0-1

[Event "Early-Titled-Tuesday-Blitz-March-26-2024"]
[Site "Chess.com"]
[Date "2024.03.26"]
[Round "4"]
[White "Korchmar_Vasiliy"]
[Black "Misterfox120"]
[Result "1-0"]
[WhiteElo "2705"]
[BlackElo "2471"]
[TimeControl "180+1"]
[EndTime "8:37:09 PDT"]
[Termination "Korchmar_Vasiliy won by resignation"]

1. e4 e5 2. Nf3 Nf6 3. Nxe5 d6 4.
Nf3 Nxe4 5. Nc3 Nxc3 6. dxc3 Be7 7. Bf4 O-O 8. Qd2 Nd7 9. O-O-O Nc5 10. h4 Re8 11.
Ng5 h6 12. Bc4 Bxg5 13. hxg5 h5 14. g6 Be6 15. gxf7+ Bxf7 16. Bxf7+ Kxf7 17. Qd5+ Ne6 18. Qxh5+ g6 19. Qf3 Qf6 20. g3 Nxf4 21. gxf4 Rh8 22. Qxb7 Qxf4+ 23. Kb1 Qc4 24. Rxh8 Rxh8 25. Qxa7 Rh2 26.
a4 Kf6 27. Re1 Qc6 28. Qd4+ Kf7 29. Qf4+ Kg8 30. Qxh2 1-0

[Event "Early-Titled-Tuesday-Blitz-March-26-2024"]
[Site "Chess.com"]
[Date "2024.03.26"]
[Round "4"]
[White "Grischuk"]
[Black "quizden37"]
[Result "1-0"]
[WhiteElo "3060"]
[BlackElo "2848"]
[TimeControl "180+1"]
[EndTime "8:37:10 PDT"]
[Termination "Grischuk won by resignation"]

1. d4 Nf6 2. c4 g6 3. g3 Bg7 4. Bg2 d6 5. Nc3 O-O 6. Nf3 Nbd7 7. O-O e5 8. e4 exd4 9. Nxd4 Re8 10. h3 Nc5 11.
Re1 a5 12. Bf4 Nh5 13. Be3 Nf6 14. Qc2 c6 15. b3 Qc7 16. Rad1 Be6 17. Ndb5 cxb5 18.
Nxb5 Qe7 19. Nxd6 Rec8 20. f4 Na6 21. e5 Nh5 22. Nxc8 Rxc8 23. g4 Nb4 24. Qf2 Nxf4 25. Bxf4 a4 26. Rd6 Bf8 27. Red1 Qc7 28. Kh2 Ra8 29.
R1d2 axb3 30. axb3 Ra3 31. Rd8 Rxb3 32. Bh6 Qxe5+ 33.
Kg1 Rb1+ 34. Bf1 1-0

[Event "Early-Titled-Tuesday-Blitz-March-26-2024"]
[Site "Chess.com"]
[Date "2024.03.26"]
[Round "4"]
[White "alekroth65"]
[Black "venturov"]
[Result "0-1"]
[WhiteElo "2382"]
[BlackElo "2529"]
[TimeControl "180+1"]
[EndTime "8:37:10 PDT"]
[Termination "venturov won on time"]

1. d4 Nf6 2. c4 d6 3. Nc3 Nbd7 4. e4 e5 5. Nf3 g6 6. Be3 Bg7 7. h3 O-O 8. d5 Nc5 9. Nd2 Nh5 10. g3 a5 11. Be2 Nf6 12. Qc2 Bd7 13. O-O-O Ne8 14.
g4 f5 15. gxf5 gxf5 16. Bxc5 dxc5 17. exf5 Bxf5 18. Bd3 Nd6 19. Rhg1 Kh8 20. Nde4 Bxe4 21. Nxe4 Qh4 22. Rg3 Rf4 23. Nxd6 cxd6 24. Rdg1 Bh6 25. Kb1 e4 26. Rg4 exd3 27. Qc3+ Qf6 0-1

[Event "Early-Titled-Tuesday-Blitz-March-26-2024"]
[Site "Chess.com"]
[Date "2024.03.26"]
[Round "4"]
[White "kidagent"]
[Black "Yeritsyaan"]
[Result "0-1"]
[WhiteElo "2331"]
[BlackElo "2678"]
[TimeControl "180+1"]
[EndTime "8:37:13 PDT"]
[Termination "Yeritsyaan won by resignation"]

1. e4 e6 2. d4 a6 3. Bd3 c5 4.
Nf3 cxd4 5. Nxd4 Nf6 6. O-O Qc7 7. Nc3 Nc6 8. Nxc6 dxc6 9. h3 Be7 10. f4 e5 11. f5 b5 12. Be3 Bb7 13. g4 b4 14. Ne2 c5 15. Ng3 c4 16. Be2 Nxe4 17. Nxe4 Bxe4 18. Bf3 Bxf3 19. Qxf3 Rd8 20. Rae1 f6 21. g5 O-O 22. g6 h6 23. Qh5 Bc5 24.
Rf2 Bxe3 25. Rxe3 Qc5 26. Qe2 Rd4 27. Kg2 Rfd8 28. Qe1 Rd1 29. Qe2 a5 30. Re4 R1d4 31.
c3 Rxe4 32. Qxe4 Qd5 33. Qxd5+ Rxd5 34. cxb4 axb4 35. Rc2 Rd4 36. Kg3 Kf8 37. a4 Ke7 38. a5 Kd6 39. a6 Kc7 40. b3 c3 41. Ra2 Kb8 42. a7+ Ka8 43. Kf3 Rd7 44. Ke4 Rxa7 45.
Rc2 Rd7 46. Ke3 Kb7 0-1

[Event "Early-Titled-Tuesday-Blitz-March-26-2024"]
[Site "Chess.com"]
[Date "2024.03.26"]
[Round "4"]
[White "Andrey_Klymchuk"]
[Black "tusplingher"]
[Result "1-0"]
[WhiteElo "2695"]
[BlackElo "2509"]
[TimeControl "180+1"]
[EndTime "8:37:15 PDT"]
[Termination "Andrey_Klymchuk won by resignation"]

1. e4 c5 2. Nf3 d6 3. d4 cxd4 4. Nxd4 Nf6 5. f3 e5 6. Bb5+ Bd7 7. Bxd7+ Nbxd7 8. Nf5 Qc7 9. Nc3 a6 10. Bg5 g6 11.
Ne3 Bg7 12. Qd2 b5 13. O-O-O O-O 14. Kb1 b4 15. Ncd5 Nxd5 16. Nxd5 Qb7 17. Qxb4 Qxb4 18. Nxb4 a5 19. Nd5 Rfb8 20. Be3 Rb7 21. a4 Rab8 22. b3 f5 23. Rd3 fxe4 24. fxe4 Kf7 25. Rhd1 Bf8 26.
Rc3 Ke6 27. Rf1 h6 28. Rc6 Bg7 29. Ka2 Nf8 30. Rf3 Nh7 31. Ra6 Nf6 32. Nxf6 Bxf6 33. Rxa5 Rb4 34. Bxh6 Rxe4 35. Be3 Rc8 36. c4 Rg4 37. g3 Rh8 38. h4 e4 39. Rxf6+ Kxf6 40. Bd4+ Ke6 41. Bxh8 e3 42. Ra8 Kd7 43. Kb2 Rxg3 44. Kc2 e2 45. Kd2 Rxb3 46. Kxe2 Rc3 47. Bxc3 1-0